Unix NetHack Version 3.7.0-83 Work-in-progress - last build Apr 28 2023 22:06:38 (2625824c38750939014cf799bb7ff71c9e9c2d48,branch:master). Game began 2023-04-29 18:33:25, ended 2023-04-29 19:28:22. MaestroSpook, lawful male human Monk ------------- |.<.........| ---- |...........| |.. #............| |.. #|...........| |. ##------------- h #### @ # #@### # # ## # # ## ## ------.------ ### |...........| ###### |...........| # |............### ------------- MaestroSpook the Initiate St:18/01 Dx:15 Co:10 In:8 Wi:11 Ch:11 Lawful Dlvl:7 $:394 HP:0(54) Pw:4(35) AC:2 Xp:6/395 T:1965 Latest messages: You hit the Elvenqueen! You hit the Elvenqueen! The Elvenqueen swings her runed broadsword. The Elvenqueen hits! The Elvenqueen swings her runed broadsword. The Elvenqueen hits again! What do you want to throw? [$oB or ?*] In what direction? You cannot throw an object at yourself. In what direction? You feel better. You hit the Elvenqueen! The Elvenqueen swings her runed broadsword. The Elvenqueen hits! The Elvenqueen swings her runed broadsword. The Elvenqueen hits again! In what direction? You feel better. In what direction? You feel better. In what direction? You feel better. What do you want to drink? [emptvE or ?*] You feel better. What do you want to drink? [emptvE or ?*] You feel better. You are beginning to feel weak. What do you want to eat? [fghi or ?*] Blecch! Rotten food! Everything suddenly goes dark. You finish eating the food ration. You can see again. What do you want to drink? [emptvE or ?*] You feel better. The Elvenqueen swings her runed broadsword. The Elvenqueen hits! The Elvenqueen swings her runed broadsword. The Elvenqueen hits again! In what direction? You feel better. The Elvenqueen swings her runed broadsword. The Elvenqueen hits! The Elvenqueen swings her runed broadsword. The Elvenqueen hits again! You hit the Elvenqueen! The Elvenqueen swings her runed broadsword. The Elvenqueen hits! The Elvenqueen swings her runed broadsword. The Elvenqueen hits again! You die... Inventory: Coins ('$') $ - 394 gold pieces Weapons (')') B - 7 uncursed +0 darts (at the ready) o - an uncursed +0 elven spear named ammo Armor ('[') a - an uncursed +2 pair of leather gloves (being worn) b - a blessed +3 robe (being worn) Comestibles ('%') g - 7 uncursed apples f - 5 uncursed food rations i - 2 uncursed fortune cookies h - 4 uncursed oranges Scrolls ('?') q - a blessed scroll of amnesia z - a blessed scroll of punishment J - an uncursed scroll of remove curse H - an uncursed scroll of teleportation Spellbooks ('+') K - an uncursed spellbook of charm monster c - a blessed spellbook of healing Potions ('!') p - an uncursed potion of hallucination t - an uncursed potion of invisibility E - an uncursed potion of levitation m - a blessed potion of speed v - an uncursed potion of water Rings ('=') M - a cursed ring of poison resistance w - an uncursed ring of polymorph control (on right hand) G - a blessed +1 ring of protection Wands ('/') k - an uncursed wand of speed monster (0:3) Tools ('(') j - an uncursed magic marker (0:51) I - an uncursed +0 pick-axe Gems/Stones ('*') F - an uncursed worthless piece of green glass D - 2 uncursed worthless pieces of yellow glass MaestroSpook the Monk's attributes: Background: You were an Initiate, a level 6 male human Monk. You were lawful, on a mission for Shan Lai Ching who was opposed by Chih Sung-tzu (neutral) and Huan Ti (chaotic). You were in the Dungeons of Doom, on level 7. You entered the dungeon 1965 turns ago. You had 395 experience points, 245 more were needed to attain level 7. Basics: You had 0 out of 54 hit points. You had 4 out of 35 energy points (spell power). Your armor class was 2. Your wallet contained 394 zorkmids. Autopickup was on for '$%?!"=/*', with exceptions. Final Characteristics: Your strength was 18/01 (limit:18/100). Your dexterity was 15 (limit:18). Your constitution was 10 (limit:18). Your intelligence was 8 (limit:18). Your wisdom was 11 (limit:18). Your charisma was 11 (limit:18). Final Status: You were not hungry. You were unencumbered. You were empty handed. You had basic skill with martial arts. Final Attributes: You were devoutly aligned. You were sleep resistant. You were poison resistant. You saw invisible. You were stealthy. You were guarded. You had polymorph control. You were fast. You are dead. Miscellaneous: You disabled loading of bones levels. Total elapsed playing time was 54 minutes and 56 seconds. Major events: Turn 1: MaestroSpook the lawful male human Monk entered the dungeon 235: entered the Gnomish Mines 665: attained the rank of Novice (level 3) 1898: attained the rank of Initiate (level 6) 1965: killed by an Elvenqueen Vanquished creatures: 2 small mimics a leprechaun a gnome mummy 4 bugbears a gnome leader a dwarf a homunculus a kobold leader a kobold shaman 2 hill orcs a rothe a giant bat a dwarf zombie a werejackal an iguana 2 acid blobs 4 coyotes 2 large kobolds 3 hobgoblins a giant rat 2 cave spiders a gnome 8 jackals a kobold a sewer rat a grid bug 4 bats 2 lichens a kobold zombie 3 newts 56 creatures vanquished. No species were genocided or became extinct. Voluntary challenges: You never hit with a wielded weapon. You read items or engraved 5 times. You never engraved Elbereth. You never genocided any monsters. You never polymorphed an object. You never changed form. You used no wishes. Achievements: You entered the Gnomish Mines. You entered a shop. You attained the rank of Novice. You attained the rank of Initiate. The Dungeons of Doom: levels 1 to 7 Level 1: Level 2: A fountain. Stairs down to The Gnomish Mines. Level 3: A general store, an altar, a fountain. Level 4: A fountain. Level 5: A weapon shop, some fountains. Level 6: A fountain. Level 7: <- You were here. Final resting place for you, killed by an Elvenqueen. The Gnomish Mines: Level 3: Game over: ---------- / \ / REST \ / IN \ / PEACE \ / \ | MaestroSpook | | 394 Au | | killed by an | | Elvenqueen | | | | | | 2023 | *| * * * | * _________)/\\_//(\/(/\)/\//\/|_)_______ Goodbye MaestroSpook the Monk... You died in The Dungeons of Doom on dungeon level 7 with 2279 points, and 394 pieces of gold, after 1965 moves. You were level 6 with a maximum of 54 hit points when you died.